 Dungeon Crawl Stone Soup version 0.28.0-45-g0d030f2227 (webtiles) character file.

Game seed: 11096849090407592134

692 Mitsuki the Destroyer (level 7, -4/36 HPs)
             Began as a Deep Elf Conjurer on Apr 6, 2022.
             Slain by an orc warrior
             ... wielding a +0 dire flail
              (16 damage)
             ... on level 4 of the Dungeon.
             The game lasted 00:06:35 (4093 turns).

Mitsuki the Destroyer (Deep Elf Conjurer)           Turns: 4093, Time: 00:06:36

Health: -4/36      AC:  4    Str:  4    XL:     7   Next: 36%
Magic:  5/19       EV: 12    Int: 25    God:
Gold:   275        SH:  0    Dex: 13    Spells: 12/19 levels left

rFire   . . .      SeeInvis .   r - +1 short sword (venom)
rCold   . . .      Faith    .   (no shield)
rNeg    . . .      Spirit   .   a - +0 robe
rPois   +          Reflect  .   (no helmet)
rElec   .          Harm     .   l - +1 cloak
rCorr   .          Rampage  .   (no gloves)
Will    .....                   (no boots)
Stlth   ++........              (no amulet)
HPRegen 0.12/turn               f - ring of poison resistance
MPRegen 0.16/turn               (no ring)

@: no status effects
A: no striking features
a: no special abilities


You were on level 4 of the Dungeon.
You visited 1 branch of the dungeon, and saw 4 of its levels.

You collected 275 gold pieces.

Inventory:

Hand Weapons
 r - a +1 short sword of venom (weapon)
Armour
 a - a +0 robe (worn)
 l - a +1 cloak (worn)
Jewellery
 f - a ring of poison resistance (left hand)
 i - a ring of fire
Wands
 m - a wand of polymorph (6)
Scrolls
 b - a scroll of holy word {unknown}
 d - 5 scrolls of identify {unknown}
 e - a scroll of fear {unknown}
 j - 3 scrolls of teleportation {unknown}
 k - a scroll of magic mapping {unknown}
 o - a scroll of brand weapon {unknown}
 p - a scroll of fog {unknown}
 q - a scroll of amnesia {unknown}
 s - a scroll of enchant armour {unknown}
Potions
 c - a potion of heal wounds {unknown}
 g - a potion of lignification {unknown}
 h - a potion of invisibility {unknown}
 n - a potion of brilliance {unknown}
 t - a potion of might {unknown}


   Skills:
 - Level 2.4 Dodging
 - Level 2.4 Stealth
 + Level 6.7 Spellcasting
 * Level 8.5 Conjurations


You had 12 spell levels left.
You knew the following spells:

 Your Spells              Type           Power      Damage    Failure   Level
a - Magic Dart            Conj           100%       1d8       1%          1
b - Searing Ray           Conj           100%       2d8       1%          2
c - Iskenderun's Mystic   Conj/Tloc      29%        2d7       12%         4

Your spell library contained the following spells:

 Spells                   Type           Power      Damage    Failure   Level
 Dazzling Flash           Conj/Hex       58%        N/A       3%          3
 Summon Small Mammal      Summ           32%        N/A       7%          1
 Corpse Rot               Necr/Air       16%        N/A       11%         2
 Poisonous Vapours        Pois/Air       16%        N/A       11%         2
 Fulminant Prism          Conj/Hex       14%        3d9       12%         4
 Call Canine Familiar     Summ           8%         N/A       21%         3
 Summon Guardian Golem    Hex/Summ       8%         N/A       21%         3


Dungeon Overview and Level Annotations

Branches:
Dungeon (4/15)
 Temple: D:4-7

Altars:
Ashenzari
Cheibriados

Shops:
D:3 *

Annotations:
D:3 exclusion: ice beast


Message History

The magic dart hits the orc warrior but does no damage.
You now have 12/19 mp.
Casting: Magic Dart (safe; 1% risk of failure)
Confirm with . or Enter, or press ? or * to list all spells.
Aiming: Searing Ray (safe; 1% risk of failure)
Press: ? - help, Shift-Dir - straight line, f/p - orc warrior
Aim: an orc warrior, wielding a +0 dire flail and wearing a +0 plate armour (83% to hit)
The searing ray hits the orc warrior!
The orc warrior is moderately wounded. (Press . to maintain the ray.)
You now have 10/19 mp.
The searing ray hits the orc warrior.
The orc warrior is heavily wounded.
The orc shouts!
You now have 9/19 mp.
The searing ray hits the orc warrior.
The orc warrior is severely wounded.
You now have 8/19 mp.
The searing ray hits the orc warrior.
The orc warrior is severely wounded.
You finish channelling your searing ray.
The orc warrior hits you with a +0 dire flail!
You take 17 damage, and have 19/36 hp.
MASSIVE DAMAGE!!
You now have 7/19 mp.
Casting: Searing Ray (safe; 1% risk of failure)
Confirm with . or Enter, or press ? or * to list all spells.
Aiming: Searing Ray (safe; 1% risk of failure)
Press: ? - help, Shift-Dir - straight line, f/p - orc warrior
Aim: an orc warrior, wielding a +0 dire flail and wearing a +0 plate armour (severely wounded, 83% to hit)
The searing ray hits the orc warrior but does no damage.
The orc warrior is severely wounded.
The searing ray misses the orc. (Press . to maintain the ray.)
The orc warrior hits you with a +0 dire flail!
You take 7 damage, and have 12/36 hp.
You now have 6/19 mp.
The searing ray hits the orc warrior!
The orc warrior is almost dead.
The searing ray hits the orc.
You kill the orc!
The orc warrior hits you with a +0 dire flail!
You die...

.#.# #....#......... .#.#
#....#...............
.#.###.####...............
.#.#......................
.#.#.#.####...............
.#>..†....................
.#.#.#................).........
.#.#.######.........)...........
.#.#.#..........@†...†.)........
.#.#.#....#.#####o.......o......
.#.#.##...###...#...............#
.#.#.##...# #.<.#..)........[....
.#.#..#.⌠.###...####.............
.#.# #............#.............
'#.# ###........8.#...........[.
...# #.[........#............#
...# ####.......####............#


You could see an orc warrior.

Vanquished Creatures
  Sigmund (D:2)
  A black bear (D:4)
  A scorpion (D:3)
  3 wights (D:4)
  A jelly (D:4)
  A hound (D:4)
  An iguana (D:4)
  An orc wizard (D:4)
  A hound skeleton (D:4)
  6 adders
  An ufetubus (D:4)
  3 adder skeletons (D:4)
  A worm (D:4)
  2 dart slugs
  2 orcs (D:4)
  10 ball pythons
  4 endoplasms
  3 giant cockroaches
  10 goblins
  4 hobgoblins
  5 kobolds
  A quokka (D:1)
  4 bats
  4 frilled lizards
  6 rats
77 creatures vanquished.

Vanquished Creatures (others)
  A demonic plant (D:2)
  2 fungi (D:2)
  A plant (D:2)
4 creatures vanquished.

Grand Total: 81 creatures vanquished

Notes
Turn   | Place    | Note
-------+----------+-------------------------------------------
     0 | D:1      | Mitsuki the Deep Elf Conjurer began the quest for the Orb.
     0 | D:1      | Reached XP level 1. HP: 10/10 MP: 6/6
    84 | D:1      | Reached XP level 2. HP: 15/15 MP: 2/8
    87 | D:1      | Learned a level 2 spell: Searing Ray
   407 | D:1      | Reached skill level 5 in Conjurations
   713 | D:2      | Reached XP level 3. HP: 19/19 MP: 5/10
   788 | D:2      | Noticed Sigmund
   806 | D:2      | Killed Sigmund
   807 | D:2      | Reached skill level 5 in Spellcasting
   807 | D:2      | Reached skill level 6 in Conjurations
   807 | D:2      | Reached XP level 4. HP: 24/24 MP: 2/13
   807 | D:2      | Reached XP level 5. HP: 28/28 MP: 2/14
   921 | D:2      | Learned a level 4 spell: Iskenderun's Mystic Blast
  1115 | D:2      | Found a faded altar of an unknown god.
  1456 | D:2      | Found a snail-covered altar of Cheibriados.
  2142 | D:3      | Noticed an ice beast
  2330 | D:3      | Found Selescha's General Store.
  2762 | D:3      | Reached skill level 7 in Conjurations
  2762 | D:3      | Reached XP level 6. HP: 18/32 MP: 5/16
  3308 | D:4      | Found a broken altar of Ashenzari.
  3451 | D:4      | Reached skill level 8 in Conjurations
  3737 | D:4      | Reached XP level 7. HP: 36/36 MP: 14/18
  4093 | D:4      | Slain by an orc warrior

Illustrated notes

Levels and vault maps discovered:
D:1:      ncdulo_smallfort, layout_rooms
D:2:      layout_loops_ring, basic_altar, shapermc_ecumenical_altar_gd,
          uniq_sigmund
D:3:      layout_loops_ring, serial_shops, nicolae_shop_waterfront,
          minmay_misc_feat_square, minivault_5
D:4:      layout_basic, lemuel_doored_altar, ebering_ghost_disaster_area,
          nicolae_elevator_lobby_asterisk

Skill      XL: |  1  2  3  4  5  6 |
---------------+-------------------+-----
Conjurations   | 5 6 7 8 |  8.5
Spellcasting   | 5 6 |  6.7
Dodging        | |  2.4
Stealth        | |  2.4

Action                   |  1- 3 |  4- 6 |  7- 9 || total
-------------------------+-------+-------+-------++-------
 Cast: Magic Dart        |    46 |    91 |    28 ||   165
       Searing Ray       |     1 |     4 |     4 ||     9
Armor: Robe              |       |     3 |     2 ||     5
Dodge: Dodged            |     1 |    16 |     4 ||    21
